 Dungeon Crawl Stone Soup version 0.17-a0-2118-g63bad21 (webtiles) character file.

4815 Duffy the Cleaver (level 10, -3/92 HPs)
             Began as a Hill Orc Fire Elementalist on Oct 20, 2015.
             Was a Believer of Cheibriados.
             Killed by miscasting Sticky Flame (8 damage)
             ... on level 9 of the Dungeon.
             The game lasted 00:22:34 (11364 turns).

Duffy the Cleaver (Hill Orc Fire Elementalist)     Turns: 11364, Time: 00:22:34

Health: -3/92      AC: 11    Str: 17    XL:     10   Next: 48%
Magic:  0/12       EV: 14    Int: 20    God:    Cheibriados [**....]
Gold:   464        SH:  0    Dex: 19    Spells: 3 memorised, 4 levels left

rFire  + . .     SeeInvis .     q - +0 hand axe
rCold  . . .     Clarity  .     i - +0 ring mail
rNeg   . . .     SustAt   .     (no shield)
rPois  .         Gourm    .     w - +0 helmet
rElec  .         Spirit   .     M - +0 cloak {+Inv}
rCorr  .         Warding  .     x - +0 pair of gloves
rMut   .         Stasis   .     o - +0 pair of boots
MR     .....                    m - amulet of regeneration
Stlth  +.........               (no ring)
                                C - ring of protection from fire

@: very slightly contaminated, very slow, not resistant to hostile enchantments,
very unstealthy
A: no striking features
a: Bend Time, Renounce Religion, Evoke Invisibility


You were on level 9 of the Dungeon.
You worshipped Cheibriados.
Cheibriados was pleased with you.
You were hungry.

You visited 2 branches of the dungeon, and saw 10 of its levels.
You also visited: Ossuary.

You collected 464 gold pieces.


   Skills:
 + Level 9.6 Fighting
 + Level 9.8 Axes
 - Level 5.5 Armour
 + Level 5.4 Dodging
 - Level 1.5 Stealth
 - Level 1.5 Spellcasting
 - Level 5.0 Conjurations
 - Level 5.0 Fire Magic


You had 4 spell levels left.
You knew the following spells:

 Your Spells              Type           Power        Failure   Level  Hunger
a - Flame Tongue          Conj/Fire      ###..        4%          1    #......
c - Conjure Flame         Conj/Fire      ###.....     14%         3    ###....
s - Sticky Flame          Conj/Fire      ###.....     41%         4    #####..

Inventory:

Hand Weapons
 q - a +0 hand axe (weapon)
 r - a +1 dagger of venom
 P - a +0 blowgun
Missiles
 a - 3 tomahawks
 f - 258 stones (quivered)
 I - 52 poisoned needles
Armour
 i - a +0 ring mail (worn)
 o - a +0 pair of boots (worn)
 w - a +0 helmet (worn)
 x - a +0 pair of gloves (worn)
 M - a +0 cloak of invisibility (worn)
 R - a +0 chain mail
 S - a +0 scale mail
Jewellery
 m - an amulet of regeneration (around neck)
 C - a ring of protection from fire (left hand)
 H - an uncursed ring of ice
Wands
 O - a wand of fire (0)
Scrolls
 g - a scroll of fog {unknown}
 j - 2 scrolls of teleportation
 n - 6 scrolls of remove curse
 s - 2 scrolls of amnesia
 v - 2 scrolls of magic mapping
 y - 2 scrolls of immolation {unknown}
 A - a scroll of blinking {unknown}
 D - 2 scrolls of enchant armour {unknown}
 E - a scroll of fear {unknown}
 J - a scroll of enchant weapon {unknown}
 N - a scroll of random uselessness {unknown}
Potions
 d - 2 potions of heal wounds
 e - 7 potions of curing
 k - a potion of might {unknown}
 p - a potion of cure mutation
 t - 4 potions of lignification
 u - 2 potions of agility
 B - a potion of invisibility {unknown}
 F - a potion of resistance {unknown}
 G - a potion of brilliance {unknown}
 Q - a potion of flight {unknown}
Books
 b - a book of Flames
 K - a book of the Earth
Comestibles
 c - 3 bread rations
 h - 7 meat rations
 l - a fruit
 z - 3 royal jellies
 L - a slice of pizza

Dungeon Overview and Level Annotations

Branches:
Dungeon (9/15)             Temple (1/1) D:7
   Lair: D:8-11         Orc: D:9-12

Altars:
Cheibriados
Dithmenos
Elyvilon
Fedhas
Gozag
Kikubaaqudgha
Nemelex Xobeh
Okawaru
Qazlal
Ru
Sif Muna
Trog
Vehumet
Xom
Yredelemnul
Zin
The Shining One

Annotations:
D:4 emiel's ghost, novice DsEE


Message History

Aim: an unseen horror (heavily wounded, slightly transparent, covered in liquid flames)
The flame tongue hits the unseen horror.
The unseen horror is severely wounded.
The unseen horror burns!
Something hits you. Something hits you but does no damage.
You swing at nothing.
Something hits you but does no damage.
You barely miss something. Something hits you.
You hit something but do no damage. Something hits you! Something hits you!
You barely miss something. Something hits you.
You swing at nothing.
Something hits you.
You hit something. Something hits you. Something hits you but does no damage.
You barely miss something. Something barely misses you. Something hits you.
You hit something but do no damage. Something barely misses you.
You barely miss something. Something barely misses you. Something hits you.
You closely miss something. Something hits you but does no damage.
Something hits you but does no damage.
You hit something but do no damage. Something hits you.
You hit something but do no damage. Something completely misses you.
Something hits you!
You closely miss something. Something hits you but does no damage.
Something hits you.
You closely miss something. Something hits you.
You miss something. Something hits you. Something hits you!
You hit something. Something barely misses you. Something hits you.
You hit something but do no damage. Something hits you but does no damage.
Something hits you.
You hit something. Something hits you but does no damage. Something hits you.
Casting: Flame Tongue
Confirm with . or Enter, or press ? or * to list all spells.
Aiming: Sticky Flame
Press: ? - help, Shift-Dir - straight line You miscast Sticky Flame.
You are very lightly contaminated with residual magic.
A wave of violent energy washes through your body!
You die...

##.รท.# #)#
##.#### #.###
#..+ #...#
##..# ###.#
#...#
####'####
#...# ###
#.......#
#...# #...
#.......+
#...#####
#..##.......#
..........
#..@.......#
#.........
####.......#
#.........
#.......#
########.#
#####'### .
.# ## #####+
#..... #.....


There were no monsters in sight!

Action                   |  1- 3 |  4- 6 |  7- 9 | 10-12 || total
-------------------------+-------+-------+-------+-------++-------
Melee: Dagger            |    24 |   110 |   246 |       ||   380
       Hand axe          |       |       |    26 |   156 ||   182
 Cast: Flame Tongue      |    59 |    73 |   135 |    89 ||   356
       Conjure Flame     |       |     7 |    21 |     2 ||    30
       Sticky Flame      |       |       |    13 |     6 ||    19
  Use: Scroll            |       |     7 |     6 |       ||    13
 Stab: Sleeping          |       |     4 |       |       ||     4
  Eat: Chunk             |     4 |    11 |    22 |     4 ||    41
       Bread ration      |       |       |     1 |     1 ||     2
       Beef jerky        |       |       |     2 |       ||     2

Notes
Turn   | Place    | Note
--------------------------------------------------------------
     0 | D:1      | Duffy the Hill Orc Fire Elementalist began the quest for the Orb.
     0 | D:1      | Reached XP level 1. HP: 14/14 MP: 3/3
   300 | D:1      | Reached skill level 2 in Conjurations
   300 | D:1      | Reached XP level 2. HP: 20/20 MP: 0/4
  1075 | D:2      | Reached XP level 3. HP: 23/26 MP: 0/5
  1098 | D:2      | Learned a level 3 spell: Conjure Flame
  1181 | D:2      | Reached skill level 3 in Conjurations
  1728 | D:3      | Noticed an ice beast
  1798 | D:3      | Reached XP level 4. HP: 33/33 MP: 2/6
  2017 | D:3      | Killed an ice beast
  2017 | D:3      | Reached skill level 4 in Conjurations
  2017 | D:3      | Reached skill level 4 in Fire Magic
  2017 | D:3      | Reached XP level 5. HP: 24/38 MP: 0/7
  2181 | D:3      | Found a bloodstained altar of Trog.
  2514 | D:3      | Reached skill level 5 in Fire Magic
  2564 | D:3      | Reached XP level 6. HP: 45/45 MP: 8/8
  2777 | D:3      | Found an opulent altar of Gozag.
  2948 | D:3      | Found a shadowy altar of Dithmenos.
  2989 | D:3      | Learned a level 4 spell: Sticky Flame
  3118 | D:4      | Reached skill level 5 in Conjurations
  3223 | D:4      | Noticed emiel's ghost (novice DsEE)
  3463 | D:4      | Found a glowing silver altar of Zin.
  3503 | D:4      | Reached skill level 1 in Fighting
  3503 | D:4      | Reached skill level 1 in Axes
  3880 | D:4      | Reached skill level 2 in Fighting
  3880 | D:4      | Reached skill level 2 in Axes
  3976 | D:5      | Entered Level 5 of the Dungeon
  4047 | D:5      | Reached skill level 3 in Fighting
  4047 | D:5      | Reached XP level 7. HP: 13/57 MP: 5/9
  4142 | D:5      | Reached skill level 3 in Axes
  4209 | D:5      | Found a sand-covered staircase.
  4215 | Ossuary  | Entered an ossuary
  4277 | Ossuary  | Reached skill level 4 in Axes
  4420 | Ossuary  | Reached skill level 4 in Fighting
  4888 | D:5      | Reached skill level 5 in Axes
  5000 | D:5      | Noticed Eustachio
  5043 | D:5      | Reached skill level 5 in Fighting
  5043 | D:5      | Reached XP level 8. HP: 66/68 MP: 0/10
  5389 | D:5      | Found a shimmering altar of Xom.
  5435 | D:5      | Reached skill level 6 in Axes
  5536 | D:5      | Reached skill level 6 in Fighting
  6114 | D:4      | Noticed Crazy Yiuf
  6119 | D:4      | Killed Crazy Yiuf
  6413 | D:5      | Reached skill level 7 in Axes
  6583 | D:6      | Noticed Grinder
  6623 | D:6      | Paralysed by Grinder for 4 turns
  6628 | D:6      | Killed Grinder
  6628 | D:6      | Reached skill level 1 in Armour
  6628 | D:6      | Reached skill level 2 in Dodging
  6745 | D:6      | Reached skill level 2 in Armour
  6863 | D:6      | Reached skill level 7 in Fighting
  6863 | D:6      | Reached XP level 9. HP: 76/79 MP: 3/11
  7000 | D:6      | Reached skill level 8 in Axes
  7000 | D:6      | Reached skill level 3 in Dodging
  7173 | D:6      | Reached skill level 3 in Armour
  7915 | D:7      | Found a staircase to the Ecumenical Temple.
  7972 | Temple   | Entered the Ecumenical Temple
  8179 | D:7      | Reached skill level 4 in Armour
  8435 | D:7      | Found a snail-covered altar of Cheibriados.
  8447 | D:7      | Reached skill level 8 in Fighting
  8451 | D:7      | Became a worshipper of Cheibriados the Contemplative
  8871 | D:7      | Found a bloodstained altar of Trog.
  8876 | D:7      | Reached skill level 4 in Dodging
  9139 | D:8      | Reached skill level 5 in Armour
  9193 | D:8      | Reached * piety under Cheibriados
  9402 | D:8      | Reached XP level 10. HP: 90/90 MP: 1/12
  9890 | D:8      | Reached skill level 9 in Axes
  9925 | D:7      | Reached skill level 9 in Fighting
 10017 | D:6      | Killed Eustachio
 10137 | D:8      | Found a white marble altar of Elyvilon.
 10232 | D:9      | Reached skill level 5 in Dodging
 10559 | D:8      | Reached ** piety under Cheibriados
 11341 | D:9      | Noticed an unseen horror
 11364 | D:9      | Killed by miscasting Sticky Flame

Vault maps used:
D:1:      mrwooster_arrival_arrow
D:2:      first_bread
D:3:      wad_river_or_something, old_standard_altar,
          nicolae_gozag_cash_rules_everything_around_me,
          trog_three_pillars_becter
D:4:      zin_statuary, uniq_crazy_yiuf_cottage
D:5:      kennysheep_mini, lightli_ossuary_entry_decrepit_ruins, uniq_eustachio
D:6:      black_bear_nest_1, st_stairs_12, uniq_grinder
D:7:      overflow_temple_1_default, slow_altar_2, temple_green
D:8:      elyvilon_altar_5
D:9:      lemuel_doored_altar, nicolae_overflow_hidden_temple, grunt_livestock,
          minivault_13
Temple:   roderic_octagonal_lattice_temple
Ossuary:  ossuary_tomb_2

Vanquished Creatures
  Grinder Eustachio
  2 hippogriffs
  3 orc warriors
  A wasp
  7 ice beasts
  4 sky beasts
  A black bear
  3 ogres
  2 centaurs
  2 phantoms
  2 big kobolds
  2 giant frogs
  A necrophage
  5 wights
  2 water moccasin zombies
  A scorpion
  3 crimson imps
  5 giant frog zombies
  4 hounds
  9 orc wizards
  4 jellies
  An iguana Crazy Yiuf
  An iron imp
  4 worker ants
  3 orc priests
  2 giant frog skeletons
  A killer bee zombie
  2 big kobold zombies
  A hound zombie
  A hound skeleton
  2 mummies
  A gnoll
  10 adders
  A shadow imp
  5 adder zombies
  3 adder skeletons
  A worm
  3 giant geckos
  32 orcs
  5 bats
  5 giant cockroaches
  2 gnoll zombies
  7 hobgoblins
  7 jackals
  12 kobolds
  2 quokkas
  2 ball pythons
  2 giant gecko zombies
  4 giant newts
  10 goblins
  6 hobgoblin zombies
  3 kobold zombies
  7 orc zombies
  2 quokka skeletons
  A quokka zombie
  6 rats
223 creatures vanquished.
